Map: Golden Wall LE

Players

Rodzyn - Winner!

  • Race: Protoss Protoss
  • League: Master
  • Spawn Location: 7:00

PuPu

  • Race: Zerg Zerg
  • League: Master
  • Spawn Location: 5:00

VOD

Have the link to the VOD?

Description

Time

  • Played on: June 14, 2020, 2:17 p.m.
  • Length: 11:57
Show
View Real Time Build Order
Export as new Build Order

Rodzyn Protoss - Winner!

Build Orders: 1 Gate Expand, Archon Immortal, Archon Drop, Dark Templar Rush 

Get SALT Encoding   

  12  0:01  Probe  
  13  0:13  Probe  
  14  0:18  Pylon  
  14  0:23  Probe  
  15  0:32  Probe  
  15  0:39  Gateway  
  15  0:41  Probe  
  16  0:49  Assimilator  
  17  0:53  Probe  
  18  1:05  Probe  
  19  1:17  Probe  
  20  1:27  Nexus  
  20  1:37  Cybernetics Core  
  20  1:40  Probe  
  21  1:47  Assimilator  
  21  1:52  Probe  
  22  1:56  Pylon  
  22  2:04  Adept, Probe  
  23  2:14  Warp Gate  
  25  2:16  Probe  
  26  2:24  Twilight Council  
  26  2:28  Probe  
  27  2:38  Probe x2  
  27  2:39  Stalker  
  31  2:46  Probe  
  31  2:48  Probe  
  33  2:59  Probe  
  33  3:01  Probe  
  33  3:03  Robotics Facility  
  35  3:10  Probe  
  36  3:17  Dark Shrine, Probe  
  36  3:19  Probe  
  37  3:25  Gateway  
  38  3:27  Probe  
  38  3:29  Probe  
  39  3:37  Gateway  
  39  3:43  Warp Prism, Gateway  
  41  3:56  Probe  
  41  3:57  Probe  
  41  3:59  Assimilator  
  43  4:03  Assimilator  
  43  4:07  Pylon  
  43  4:10  Probe  
  43  4:11  Probe  
  43  4:14  Pylon  
  45  4:22  Probe  
  46  4:26  Probe  
  47  4:34  Probe x2  
  49  4:43  Probe  
  49  4:44  Dark Templar x4  
  57  4:47  Pylon  
  57  4:52  Archon x2  
  59  4:56  Observer  
  58  5:06  Nexus  
  59  5:08  Charge  
  59  5:09  Pylon  
  59  5:13  Immortal  
  63  5:27  Dark Templar x2  
  64  5:29  Zealot  
  66  5:36  Probe  
  65  5:45  Archon  
  65  5:49  Immortal  
  65  5:50  Gateway  
  65  5:53  Gateway  
  65  5:56  Gateway x2  
  69  6:10  Sentry x3  
  75  6:12  Pylon  
  75  6:13  Sentry  
  77  6:20  Immortal  
  77  6:27  Probe  
  77  6:31  Probe  
  77  6:32  Probe  
  84  6:39  Probe  
  85  6:43  Probe  
  85  6:46  Pylon  
  86  6:47  Pylon  
  86  6:57  Zealot, Dark Templar  
  86  6:58  Zealot, Dark Templar  
  86  6:59  Zealot x2  
  98  7:03  Archon  
  98  7:05  Sentry x2  
  102  7:19  Gateway, Zealot x3  
  102  7:20  Zealot  
  110  7:28  Zealot x2  
  110  7:29  Sentry  
  116  7:35  Pylon  
  116  7:36  Pylon  
  104  7:59  Zealot  
  104  8:00  Zealot x7  
  104  8:01  Immortal  
  102  8:14  Probe x3  
  102  8:16  Assimilator  
  102  8:19  Forge, Protoss Ground Weapons Level 1  
  95  8:22  Blink  
  95  8:26  Probe  
  95  8:27  Zealot  
  98  8:28  Zealot x4  
  105  8:36  Dark Templar x2  
  105  8:40  Immortal  
  113  8:45  Archon  
  107  8:56  Dark Templar x2  
  107  9:01  Pylon, Dark Templar, Archon  
  105  9:04  Sentry  
  107  9:10  Stalker x2  
  107  9:11  Pylon  
  107  9:14  Photon Cannon  
  111  9:19  Pylon  
  111  9:22  Photon Cannon  
  111  9:25  Shield Battery  
  111  9:26  Shield Battery  
  111  9:28  Dark Templar  
  111  9:33  Stalker x2  
  115  9:39  Observer  
  115  9:40  Stalker, Sentry  
  115  9:43  Stalker  
  122  9:48  Stalker  
  122  9:52  Shield Battery  
  124  9:53  Stalker  
  124  9:54  Stalker  
  128  10:03  Adept  
  128  10:04  Adept  
  131  10:16  Pylon  
  131  10:17  Pylon  
  131  10:18  Stalker x2  
  131  10:19  Colossus, Stalker x2  
  127  10:43  Zealot, Dark Templar x2  
  127  10:44  Zealot x6  
  145  10:52  Immortal  
  143  11:08  Zealot x2  
  143  11:09  Zealot x5  
  139  11:31  Zealot  
  139  11:32  Zealot x8  
Show
View Real Time Build Order
Export as new Build Order

PuPu Zerg 

Build Orders: Hatch First, Roach Hydra 

Get SALT Encoding   

  12  0:00  Drone  
  13  0:12  Overlord  
  13  0:17  Drone  
  14  0:30  Drone x2  
  16  0:50  Hatchery  
  16  0:52  Drone  
  16  0:54  Drone  
  17  0:58  Drone  
  18  1:08  Extractor  
  17  1:14  Spawning Pool  
  17  1:17  Drone  
  17  1:20  Drone  
  18  1:27  Drone  
  19  1:38  Overlord  
  19  1:51  Drone  
  20  2:01  Zergling x2, Queen  
  20  2:02  Queen  
  20  2:03  Zergling x2  
  26  2:11  Metabolic Boost, Drone  
  26  2:15  Drone  
  28  2:21  Drone  
  29  2:28  Drone  
  30  2:42  Hatchery, Drone x2  
  31  2:49  Overlord  
  31  2:50  Drone  
  32  2:55  Drone  
  32  2:58  Queen  
  32  3:03  Drone  
  35  3:07  Drone  
  35  3:08  Drone  
  37  3:14  Drone x3  
  37  3:19  Drone x2  
  42  3:26  Spore Crawler  
  41  3:29  Overlord  
  41  3:31  Drone  
  42  3:40  Drone  
  42  3:41  Overlord  
  43  3:48  Drone x3  
  43  3:53  Roach Warren, Drone  
  46  3:56  Queen  
  48  4:03  Drone x2  
  48  4:05  Zergling x4  
  48  4:06  Zergling x2, Extractor  
  48  4:08  Spore Crawler, Zergling x2  
  48  4:09  Zergling x4  
  54  4:14  Spore Crawler  
  54  4:15  Lair  
  53  4:25  Overlord  
  53  4:27  Drone x3  
  53  4:28  Drone  
  57  4:33  Overlord  
  57  4:39  Overlord x2  
  57  4:46  Roach x4  
  65  4:53  Roach x3  
  71  5:02  Drone x2  
  71  5:03  Drone x2  
  71  5:05  Roach  
  71  5:06  Roach x2  
  81  5:19  Drone x3, Ravager  
  85  5:23  Drone x4  
  85  5:24  Drone  
  85  5:28  Overlord x2  
  90  5:35  Overlord x2  
  87  5:37  Glial Reconstitution  
  87  5:42  Overlord x3  
  84  5:45  Evolution Chamber, Extractor  
  84  5:46  Extractor  
  84  5:47  Extractor  
  84  5:48  Drone x3, Extractor  
  82  5:54  Drone x3  
  82  5:56  Drone  
  86  6:00  Overlord  
  86  6:09  Drone x2  
  86  6:10  Zerg Missile Weapons Level 1, Drone x3  
  91  6:14  Drone x3  
  91  6:15  Drone  
  91  6:16  Drone  
  96  6:19  Overseer, Hydralisk Den  
  96  6:21  Roach  
  96  6:22  Roach x2  
  101  6:26  Queen  
  101  6:29  Overlord  
  103  6:38  Drone  
  104  6:44  Overlord x2  
  104  6:50  Hatchery  
  102  6:59  Grooved Spines  
  102  7:06  Hydralisk x9  
  120  7:08  Overseer  
  120  7:12  Ravager  
  121  7:22  Roach x3  
  129  7:23  Roach x5  
  129  7:27  Roach x2  
  141  7:31  Roach x3  
  141  7:36  Roach  
  149  7:38  Roach x2  
  149  7:41  Roach x2  
  149  7:42  Roach  
  159  7:48  Roach x2  
  159  7:52  Roach x2  
  159  7:53  Roach  
  144  7:58  Hydralisk  
  144  7:59  Roach x2  
  144  8:03  Hydralisk  
  144  8:04  Roach  
  124  8:07  Hydralisk  
  124  8:10  Roach  
  110  8:14  Roach  
  98  8:23  Drone x2  
  89  8:29  Hydralisk  
  89  8:30  Roach x2  
  91  8:38  Hydralisk  
  91  8:39  Roach x2  
  95  8:49  Hydralisk Den  
  94  9:02  Hatchery  
  93  9:11  Queen  
  93  9:16  Ravager x3  
  97  9:17  Ravager  
  97  9:18  Hydralisk x2  
  97  9:21  Zergling x4  
  104  9:30  Hatchery  
  103  9:31  Hydralisk x2  
  103  9:32  Hydralisk  
  109  9:39  Muscular Augments  
  109  9:45  Drone x2  
  110  9:46  Drone x2  
  110  9:47  Drone  
  110  9:51  Drone  
  115  9:56  Lurker Den  
  114  10:03  Drone x4  
  114  10:05  Drone  
  119  10:14  Drone  
  119  10:15  Drone x2  
  119  10:16  Drone x2  
  119  10:17  Drone  
  125  10:24  Hydralisk  
  125  10:25  Roach  
  125  10:26  Roach  
  131  10:29  Hydralisk  
  131  10:33  Overseer  
  124  10:36  Hydralisk  
  124  10:41  Hydralisk  
  124  10:42  Roach  
  128  10:55  Roach x2  
  128  10:56  Roach  
  122  11:00  Roach x2  
  122  11:01  Roach  
  119  11:05  Roach  
  119  11:09  Overseer  
  119  11:10  Hydralisk  
  111  11:17  Hydralisk  
  92  11:26  Hydralisk  
Tags
 
Add a new tag
Caveats
  • Supply blocks, unpowered buildings, or Contaminate may cause inaccurate times.
  • Supply counts are checked every 10 seconds.